[Event "ICC tourney 3299 (40 10)"]
[Site "Internet Chess Club"]
[Date "2023.10.07"]
[Round "3"]
[White "CHINNI, RISHABH:alphachesplayer"]
[Black "THOMAS, MICHAEL G:chesslin"]
[Result "1-0"]
[ICCResult "Black resigns"]
[WhiteElo "2070"]
[BlackElo "1949"]
[Opening "Robatsch (modern) defense"]
[ECO "B06"]
[NIC "KF.05"]
[Time "15:31:26"]
[PlyCount "109"]
[TimeControl "2400+10"]

1. e4 g6 2. d4 Bg7 3. Nc3 d6 4. Be3 a6 5. Qd2 b5 6. f3 Nd7 7. g4 h5 8. g5 h4
9. f4 Bb7 10. Bd3 c5 11. Nf3 c4 12. Be2 Qa5 13. Nd1 b4 14. c3 b3 15. Nf2 Rc8
16. a3 e6 17. h3 Ne7 18. O-O Qc7 19. Qe1 Qb8 20. Nd2 d5 21. e5 Nf5 22. Nd1
Bc6 23. Bg4 Ng3 24. Rf3 Nb6 25. Bf2 Nf5 26. Bxf5 gxf5 27. Bxh4 Kd7 28. Bf2
Rcg8 29. h4 f6 30. exf6 Bxf6 31. Re3 Qxf4 32. Bg3 Rxg5 33. hxg5 Qxg5 34. Nf3
Qg8 35. Kf2 Nc8 36. Qg1 Nd6 37. Bxd6 Kxd6 38. Qxg8 Rxg8 39. Re1 Rg4 40. Ne3
Re4 41. Ng2 Be8 42. Rxe4 dxe4 43. Nd2 Kd5 44. Nf4+ Kd6 45. Nxc4+ Ke7 46. Ne5
Bh4+ 47. Ke2 Bg5 48. Nfg6+ Kf6 49. Nf8 f4 50. Nh7+ Kf5 51. Nxg5 Kxg5 52.
Rg1+ Kf5 53. Rh1 a5 54. c4 a4 55. Rh8 {Black resigns} 1-0

[Event "ICC tourney 3299 (40 10)"]
[Site "Internet Chess Club"]
[Date "2023.10.07"]
[Round "3"]
[White "Klenoff, Caleb Jude:kingcaleb"]
[Black "LIANG, YU-CHENG:Yucheng"]
[Result "0-1"]
[ICCResult "White resigns"]
[WhiteElo "2031"]
[BlackElo "2194"]
[Opening "Caro-Kann: classical, Spassky variation"]
[ECO "B18"]
[NIC "CK.12"]
[Time "15:30:04"]
[PlyCount "130"]
[TimeControl "2400+10"]

1. e4 c6 2. d4 d5 3. Nc3 dxe4 4. Nxe4 Bf5 5. Ng3 Bg6 6. Nf3 Nd7 7. h4 h6 8.
h5 Bh7 9. Bd3 Bxd3 10. Qxd3 e6 11. Bf4 Qa5+ 12. Bd2 Qc7 13. O-O-O Ngf6 14.
c4 O-O-O 15. Kb1 Bd6 16. Ne4 Nxe4 17. Qxe4 Nf6 18. Qe2 c5 19. dxc5 Qxc5 20.
Be3 Qf5+ 21. Ka1 Bc5 22. Bxc5 Qxc5 23. Ne5 Qc7 24. c5 Rxd1+ 25. Rxd1 Rd8 26.
Rxd8+ Kxd8 27. Qd2+ Ke7 28. Qd4 Nxh5 29. c6 b6 30. b4 a6 31. a4 Nf6 32. b5
axb5 33. axb5 Nd5 34. Nd7 Qa7+ 35. Kb2 Qa5 36. Qd3 Nc7 37. Qa3+ Qxa3+ 38.
Kxa3 Nxb5+ 39. Kb4 Na7 40. Nxb6 Nxc6+ 41. Kc5 Ne5 42. Kd4 Nd7 43. Nc4 f5 44.
Na5 Kf6 45. Nc6 g5 46. Ke3 e5 47. Nb4 Nb6 48. Kd3 h5 49. Ke3 Ke6 50. Nc6
Nd5+ 51. Kf3 e4+ 52. Ke2 h4 53. Nd4+ Ke5 54. Nc6+ Kf6 55. Nb8 f4 56. Nd7+
Kf5 57. Nc5 g4 58. Nb3 Ke5 59. Nc5 e3 60. fxe3 fxe3 61. Nd3+ Kd4 62. Nc1
Nf4+ 63. Kf1 Kc3 64. g3 hxg3 65. Kg1 Kc2 {White resigns} 0-1

[Event "ICC tourney 3299 (40 10)"]
[Site "Internet Chess Club"]
[Date "2023.10.07"]
[Round "3"]
[White "YUAN, SERENA:doudou2011"]
[Black "Zhang, Oscar Yihang:oscaryhz"]
[Result "0-1"]
[ICCResult "White resigns"]
[WhiteElo "1930"]
[BlackElo "1835"]
[Opening "Queen's pawn game, Darooha variation "]
[ECO "D11"]
[NIC "QP.08"]
[Time "15:30:20"]
[PlyCount "124"]
[TimeControl "2400+10"]

1. d4 d5 2. Nf3 Nf6 3. c4 c6 4. Qb3 e6 5. g3 Bd6 6. Bg2 Nbd7 7. O-O O-O 8.
Nc3 b6 9. Qc2 Bb7 10. e4 dxe4 11. Nxe4 Nxe4 12. Qxe4 Qc7 13. Ng5 Nf6 14. Qc2
h6 15. Ne4 Nxe4 16. Bxe4 Rad8 17. Rd1 c5 18. d5 Be5 19. Bg2 exd5 20. cxd5
Rd6 21. Qe2 Rd7 22. a4 Rfd8 23. a5 Bd4 24. Bf4 Qc8 25. axb6 axb6 26. Bh3
Bxd5 27. Ra7 Bb7 28. Bxd7 Qxd7 29. Be3 Qc6 30. Rxb7 Qxb7 31. Qg4 Qd7 32.
Qxd7 Rxd7 33. Kg2 Rd8 34. Bxd4 cxd4 35. Kf3 Kh7 36. Ke4 Re8+ 37. Kf3 Rd8 38.
Rd3 Kg6 39. Ke4 f5+ 40. Ke5 Kg5 41. h3 Re8+ 42. Kxd4 Re2 43. f4+ Kh5 44. Rb3
Rh2 45. Ke3 Rxh3 46. Kf3 Rh1 47. Rxb6 Rf1+ 48. Kg2 Rb1 49. b4 g5 50. Rb5 Kg4
51. fxg5 hxg5 52. Kf2 Rb2+ 53. Kf1 Rb3 54. Kf2 Rf3+ 55. Ke2 Rxg3 56. Rc5 Rb3
57. b5 f4 58. Kf2 Rb2+ 59. Kf1 f3 60. Kg1 Kf4 61. Kf1 g4 62. Rc4+ Kg3
{White resigns}
0-1

[Event "ICC tourney 3299 (40 10)"]
[Site "Internet Chess Club"]
[Date "2023.10.07"]
[Round "4"]
[White "LIANG, YU-CHENG:Yucheng"]
[Black "MARKOVIC, GORAN:Goran21"]
[Result "1-0"]
[ICCResult "Black resigns"]
[WhiteElo "2194"]
[BlackElo "2005"]
[Opening "King's Indian: Averbakh system"]
[ECO "E73"]
[NIC "KI.26"]
[Time "17:45:41"]
[PlyCount "61"]
[TimeControl "2400+10"]

1. d4 Nf6 2. c4 g6 3. Nc3 Bg7 4. e4 d6 5. Be2 O-O 6. Bg5 Nc6 7. d5 Ne5 8.
Nf3 Nxf3+ 9. Bxf3 e5 10. Qd2 Bd7 11. Be2 a5 12. f3 Qe8 13. g4 Kh8 14. h4 Ng8
15. h5 gxh5 16. Rxh5 f6 17. Be3 Rf7 18. O-O-O Bf8 19. Rdh1 c6 20. Bd3 Ne7
21. Qh2 Kg8 22. Rxh7 Rg7 23. Rh8+ Kf7 24. Bh6 Rg8 25. Qh5+ Ng6 26. Rh7+ Bg7
27. Bxg7 Rxg7 28. Rxg7+ Kxg7 29. Qh7+ Kf8 30. Rh6 Qe7 31. Qxg6 {Black
resigns} 1-0

[Event "ICC tourney 3299 (40 10)"]
[Site "Internet Chess Club"]
[Date "2023.10.07"]
[Round "4"]
[White "KOEHL, EVAN:MacAndSneeze"]
[Black "Yang, Daniel:danielbest"]
[Result "1-0"]
[ICCResult "Black resigns"]
[WhiteElo "2033"]
[BlackElo "2139"]
[Opening "Sicilian: Canal-Sokolsky (Nimzovich-Rossolimo, Moscow) attack"]
[ECO "B51"]
[NIC "SI.01"]
[Time "17:45:36"]
[PlyCount "43"]
[TimeControl "2400+10"]

1. e4 c5 2. Nf3 d6 3. Bb5+ Nd7 4. Ba4 Nf6 5. O-O Nxe4 6. Re1 Nf6 7. d4 c4 8.
Bf4 Qc7 9. Nc3 a6 10. Qe2 Rb8 11. Bb5 Kd8 12. Ng5 Ke8 13. Bxc4 Nb6 14. Bxf7+
Kd8 15. Bb3 Kd7 16. Nf7 Rg8 17. Qe6+ Ke8 18. Nxd6+ Kd8 19. Nf7+ Ke8 20. Bxc7
Bxe6 21. Bxe6 Ra8 22. Bxb6 {Black resigns} 1-0

[Event "ICC tourney 3299 (40 10)"]
[Site "Internet Chess Club"]
[Date "2023.10.07"]
[Round "4"]
[White "Liang, Jason:Jupiter435"]
[Black "CHINNI, RISHABH:alphachesplayer"]
[Result "1-0"]
[ICCResult "Black resigns"]
[WhiteElo "2537"]
[BlackElo "2070"]
[Opening "Ruy Lopez: closed defense"]
[ECO "C84"]
[NIC "RL.13"]
[Time "17:45:39"]
[PlyCount "75"]
[TimeControl "2400+10"]

1. e4 e5 2. Nf3 Nc6 3. Bb5 a6 4. Ba4 Nf6 5. O-O Be7 6. d3 b5 7. Bb3 d6 8. a4
Bb7 9. Nc3 b4 10. Nd5 Nxd5 11. Bxd5 O-O 12. c3 bxc3 13. bxc3 Na5 14. Bxb7
Nxb7 15. d4 Bf6 16. Rb1 Na5 17. Qd3 Nc6 18. d5 Ne7 19. Be3 Qd7 20. a5 Ng6
21. c4 Be7 22. Rb7 Rab8 23. Qb3 Rxb7 24. Qxb7 Qc8 25. Rb1 Qg4 26. Qxa6 Qxe4
27. Qb7 Qxc4 28. a6 Qa2 29. a7 f5 30. Qb2 Qxd5 31. Qb3 Qxb3 32. Rxb3 f4 33.
Bd2 e4 34. Nd4 Bf6 35. Ne6 Ra8 36. Rb8+ Kf7 37. Rxa8 Kxe6 38. Re8+
{Black resigns}
1-0

[Event "ICC tourney 3299 (40 10)"]
[Site "Internet Chess Club"]
[Date "2023.10.07"]
[Round "4"]
[White "Zhang, Oscar Yihang:oscaryhz"]
[Black "TAO, SIHAN:K06-16931716"]
[Result "0-1"]
[ICCResult "White checkmated"]
[WhiteElo "1835"]
[BlackElo "2216"]
[Opening "Sicilian: Najdorf, 7.f4"]
[ECO "B96"]
[NIC "SI.04"]
[Time "17:45:38"]
[PlyCount "136"]
[TimeControl "2400+10"]

1. e4 c5 2. Nf3 d6 3. d4 cxd4 4. Nxd4 Nf6 5. Nc3 a6 6. Bg5 e6 7. f4 h6 8.
Bh4 Nbd7 9. Qf3 e5 10. Nf5 exf4 11. O-O-O g5 12. Bf2 Ne5 13. Qe2 Bxf5 14.
exf5 Bg7 15. Qd2 O-O 16. Qxd6 Qxd6 17. Rxd6 Rfd8 18. Rxd8+ Rxd8 19. Be2 Nfg4
20. Bb6 Rd6 21. Bc7 Rd7 22. Bxe5 Nxe5 23. Rd1 Rxd1+ 24. Kxd1 Nc6 25. Bf3
Bxc3 26. bxc3 Kg7 27. Kd2 Kf6 28. Be4 Ke5 29. Kd3 f6 30. Bf3 Kd6 31. Bxc6
Kxc6 32. Kc4 Kd6 33. Kd4 b6 34. c4 Kc6 35. c3 Kd6 36. h3 Kc6 37. a4 Kd6 38.
Ke4 Kc5 39. Kf3 h5 40. h4 gxh4 41. Kxf4 Kxc4 42. g4 h3 43. Kg3 hxg4 44. Kh2
Kxc3 45. Kg3 a5 46. Kh2 Kb4 47. Kg3 Kxa4 48. Kh2 Kb4 49. Kg3 Kc4 50. Kh2 Kd4
51. Kg3 Ke4 52. Kh2 Kxf5 53. Kg3 Kg5 54. Kh2 Kf4 55. Kg1 g3 56. Kh1 Ke3 57.
Kg1 Ke2 58. Kh1 f5 59. Kg1 f4 60. Kh1 f3 61. Kg1 b5 62. Kh1 b4 63. Kg1 b3
64. Kh1 b2 65. Kg1 a4 66. Kh1 a3 67. Kg1 a2 68. Kh1 a1=R# {White checkmated}
0-1

[Event "ICC tourney 3299 (40 10)"]
[Site "Internet Chess Club"]
[Date "2023.10.07"]
[Round "4"]
[White "YUAN, SERENA:doudou2011"]
[Black "THOMAS, MICHAEL G:chesslin"]
[Result "0-1"]
[ICCResult "White resigns"]
[WhiteElo "1930"]
[BlackElo "1949"]
[Opening "Modern defense"]
[ECO "A40"]
[NIC "QO.17"]
[Time "17:48:38"]
[PlyCount "112"]
[TimeControl "2400+10"]

1. d4 g6 2. Nf3 Bg7 3. g3 d6 4. Bg2 Nd7 5. O-O Ngf6 6. c4 Rb8 7. Nc3 b6 8.
Qa4 a6 9. Nd2 O-O 10. Rd1 Qe8 11. Nde4 e5 12. dxe5 Nxe4 13. Bxe4 Bxe5 14.
Bc6 Bxc3 15. bxc3 Qxe2 16. Bh6 Nc5 17. Qa3 Bh3 18. Re1 Qxc4 19. Bxf8 Nd3 20.
Qa4 Qxa4 21. Bxa4 Nxe1 22. Rxe1 Kxf8 23. Bc6 b5 24. f4 Be6 25. a3 h5 26. Kf2
Rb6 27. Bf3 d5 28. Ke3 Rc6 29. Kd4 Rc4+ 30. Kd3 Ra4 31. Ra1 c5 32. Bd1 Ra5
33. a4 Bd7 34. Bf3 Bf5+ 35. Ke3 Be4 36. Bxe4 dxe4 37. Kxe4 Rxa4+ 38. Rxa4
bxa4 39. Kd3 a3 40. Kc2 c4 41. Kb1 Ke7 42. Ka2 Kd6 43. Kxa3 Kd5 44. Kb4 a5+
45. Kxa5 Ke4 46. Kb4 Kd3 47. h3 f6 48. g4 h4 49. f5 g5 50. Kc5 Kxc3 51. Kd5
Kd3 52. Ke6 c3 53. Kxf6 c2 54. Kxg5 c1=Q+ 55. Kxh4 Qh6+ 56. Kg3 Ke4
{White resigns}
0-1

[Event "ICC tourney 3299 (40 10)"]
[Site "Internet Chess Club"]
[Date "2023.10.07"]
[Round "4"]
[White "KONA, VIDIP KUMAR:Vidipkona"]
[Black "Klenoff, Caleb Jude:kingcaleb"]
[Result "1-0"]
[ICCResult "Black resigns"]
[WhiteElo "2036"]
[BlackElo "2031"]
[Opening "Réti v Dutch"]
[ECO "A04"]
[NIC "QP.11"]
[Time "17:45:39"]
[PlyCount "151"]
[TimeControl "2400+10"]

1. Nf3 f5 2. d4 e6 3. c4 Nf6 4. Nc3 b6 5. g3 Bb7 6. Bg2 Be7 7. O-O Ne4 8.
Nxe4 fxe4 9. Nd2 d5 10. e3 O-O 11. Qb3 Kh8 12. Qc2 Nd7 13. f3 exf3 14. Nxf3
Bf6 15. b3 Qe7 16. Bb2 g5 17. Nd2 Qg7 18. g4 c5 19. Nf3 Rac8 20. Rad1 b5 21.
Ba3 b4 22. Bb2 a5 23. Qd3 Ba6 24. Nd2 a4 25. Ba1 cxd4 26. exd4 Nb6 27. Rc1
Rfd8 28. Qe3 dxc4 29. Rxf6 Qxf6 30. d5 c3 31. Qxb6 Qf4 32. Qxa6 Qxd2 33. Rf1
Qd4+ 34. Kh1 exd5 35. Qe6 Rf8 36. Rg1 Rce8 37. Qd6 Rf2 38. Qd7 Ref8 39. Qe7
Qf4 40. Qc5 Rxa2 41. bxa4 Rxa4 42. Qxd5 Rxa1 43. Rxa1 c2 44. Qc5 b3 45. Rg1
Qf6 46. h3 Kg7 47. Qc4 Rb8 48. Be4 b2 49. Qxc2 Re8 50. Bg2 Qe5 51. Rf1 Re7
52. Qb3 Rc7 53. Qa3 Re7 54. Qa8 Re8 55. Qf3 Qe6 56. Qb7+ Re7 57. Qxb2+ Kg6
58. Qc2+ Kg7 59. Qc3+ Kg6 60. Qf3 Re8 61. Rc1 Kg7 62. Rc5 Qe1+ 63. Kh2 Qe7
64. Qc3+ Kg8 65. Rd5 Rf8 66. Qc4 Kh8 67. Qd4+ Kg8 68. Rd7 Qf6 69. Qe4 Qf4+
70. Qxf4 Rxf4 71. Kg3 Rb4 72. Bd5+ Kh8 73. Kf3 Rf4+ 74. Ke3 Ra4 75. Be4 Ra3+
76. Bd3 {Black resigns} 1-0

[Event "ICC tourney 3299 (40 10)"]
[Site "Internet Chess Club"]
[Date "2023.10.07"]
[Round "5"]
[White "OPASKA, MICHAEL:mopaska1106"]
[Black "YUAN, SERENA:doudou2011"]
[Result "0-1"]
[ICCResult "White resigns"]
[WhiteElo "2064"]
[BlackElo "1930"]
[Opening "QGD: exchange, positional line, 5...c6"]
[ECO "D35"]
[NIC "QO.16"]
[Time "20:03:03"]
[PlyCount "48"]
[TimeControl "2400+10"]

1. d4 d5 2. c4 e6 3. Nc3 Nf6 4. cxd5 exd5 5. Bg5 c6 6. e3 Be7 7. Bd3 O-O 8.
Qc2 Nbd7 9. Nge2 Re8 10. O-O Nf8 11. Rae1 g6 12. f3 Ne6 13. Bh4 b5 14. a3 a5
15. Bf2 b4 16. Na4 Ba6 17. Bxa6 Rxa6 18. e4 dxe4 19. fxe4 Ng4 20. Rd1 bxa3
21. bxa3 Bh4 22. g3 Ng5 23. Nc5 Nh3+ 24. Kg2 Nhxf2 {White resigns} 0-1

[Event "ICC tourney 3299 (40 10)"]
[Site "Internet Chess Club"]
[Date "2023.10.07"]
[Round "5"]
[White "THOMAS, MICHAEL G:chesslin"]
[Black "KOEHL, EVAN:MacAndSneeze"]
[Result "0-1"]
[ICCResult "White resigns"]
[WhiteElo "1949"]
[BlackElo "2033"]
[Opening "Queen's pawn: London system"]
[ECO "A45"]
[NIC "QP.07"]
[Time "20:00:07"]
[PlyCount "48"]
[TimeControl "2400+10"]

1. d4 Nf6 2. Bf4 c5 3. c3 Qb6 4. Bc1 d5 5. Nf3 Nc6 6. e3 Bg4 7. h3 Bh5 8.
Nbd2 cxd4 9. exd4 e6 10. Bd3 Bd6 11. O-O O-O 12. Re1 Qc7 13. Nf1 a6 14. a4
e5 15. dxe5 Nxe5 16. Be2 Nc6 17. Be3 Rad8 18. Nd4 Bg6 19. Bg5 Be7 20. Ng3 h6
21. Be3 Rfe8 22. Qd2 Ne4 23. Nxe4 dxe4 24. Qc2 Nxd4 {White resigns} 0-1

[Event "ICC tourney 3299 (40 10)"]
[Site "Internet Chess Club"]
[Date "2023.10.07"]
[Round "5"]
[White "MARKOVIC, GORAN:Goran21"]
[Black "KONA, VIDIP KUMAR:Vidipkona"]
[Result "0-1"]
[ICCResult "White checkmated"]
[WhiteElo "2005"]
[BlackElo "2036"]
[Opening "Caro-Kann: closed (Breyer) variation"]
[ECO "B10"]
[NIC "CK.01"]
[Time "20:00:25"]
[PlyCount "100"]
[TimeControl "2400+10"]

1. e4 c6 2. d3 d5 3. Nd2 dxe4 4. dxe4 e5 5. Ngf3 Bg4 6. Bc4 Nd7 7. h3 Bxf3
8. Nxf3 Be7 9. c3 b5 10. Bb3 Ngf6 11. a4 O-O 12. axb5 cxb5 13. O-O Nc5 14.
Bd5 Nxd5 15. exd5 e4 16. Ne5 Bd6 17. Nc6 Qd7 18. Be3 Nd3 19. f3 Nxb2 20. Qc2
Nc4 21. Bd4 exf3 22. Rxf3 f5 23. Raf1 f4 24. Qf2 a5 25. Bc5 Bxc5 26. Qxc5
Nd2 27. Ne7+ Kh8 28. Rxf4 Nxf1 29. Rxf8+ Rxf8 30. Ng6+ hxg6 31. Qxf8+ Kh7
32. d6 Ne3 33. Qe7 Qc6 34. Qh4+ Kg8 35. Qd8+ Kh7 36. Qh4+ Kg8 37. Qd8+ Kh7
38. Kf2 Nf5 39. d7 Qc5+ 40. Ke2 Qe3+ 41. Kd1 Qd3+ 42. Kc1 Qxc3+ 43. Kb1 Qb4+
44. Kc1 Qc4+ 45. Kb1 Ne3 46. Qc8 Qb3+ 47. Kc1 Qd1+ 48. Kb2 Nc4+ 49. Kc3 Qd2+
50. Kb3 Qb2# {White checkmated} 0-1

[Event "ICC tourney 3299 (40 10)"]
[Site "Internet Chess Club"]
[Date "2023.10.07"]
[Round "5"]
[White "CHINNI, RISHABH:alphachesplayer"]
[Black "Zhang, Oscar Yihang:oscaryhz"]
[Result "1-0"]
[ICCResult "Black checkmated"]
[WhiteElo "2070"]
[BlackElo "1835"]
[Opening "Sicilian: Najdorf"]
[ECO "B90"]
[NIC "SI.14"]
[Time "20:00:08"]
[PlyCount "75"]
[TimeControl "2400+10"]

1. e4 c5 2. Nf3 d6 3. d4 cxd4 4. Nxd4 Nf6 5. Nc3 a6 6. f3 e5 7. Nb3 Be6 8.
Be3 Be7 9. Qd2 O-O 10. O-O-O Nbd7 11. g4 b5 12. g5 b4 13. Ne2 Ne8 14. f4 a5
15. f5 Bc4 16. f6 gxf6 17. gxf6 Ndxf6 18. Ng3 Be6 19. Bh6 Ng7 20. Rg1 Ng4
21. Nf5 Bxf5 22. exf5 Nxh6 23. Qxh6 Bf6 24. Nc5 Kh8 25. Ne4 Nxf5 26. Qxf6+
Qxf6 27. Nxf6 Rac8 28. Bh3 Ne3 29. Rd2 Rc6 30. Re2 d5 31. Nd7 Rfc8 32. Rxe3
Rxc2+ 33. Kb1 Rxh2 34. Nxe5 Rf8 35. Reg3 Rxb2+ 36. Kxb2 f6 37. Nf7+ Rxf7 38.
Rg8# {Black checkmated} 1-0

[Event "ICC tourney 3299 (40 10)"]
[Site "Internet Chess Club"]
[Date "2023.10.07"]
[Round "5"]
[White "Volkov, Sergey:Volkov"]
[Black "TAO, SIHAN:K06-16931716"]
[Result "1-0"]
[ICCResult "Black resigns"]
[WhiteElo "2514"]
[BlackElo "2216"]
[Opening "Nimzo-Indian: 4.e3 e8g8, 5.Nf3 d7d5"]
[ECO "E51"]
[NIC "NI.27"]
[Time "20:00:39"]
[PlyCount "83"]
[TimeControl "2400+10"]

1. d4 Nf6 2. c4 e6 3. Nf3 d5 4. Nc3 Bb4 5. e3 O-O 6. Bd2 c5 7. a3 Bxc3 8.
Bxc3 Ne4 9. Rc1 Nxc3 10. Rxc3 cxd4 11. Qxd4 Nc6 12. Qd2 Ne7 13. Bd3 b6 14.
O-O Bb7 15. Rd1 dxc4 16. Bxh7+ Kh8 17. Qc2 Qe8 18. Be4 Bxe4 19. Qxe4 Qa4 20.
Rdc1 Nf5 21. Qxc4 Qxc4 22. Rxc4 Nd6 23. Rc7 Rfc8 24. Kf1 Rxc7 25. Rxc7 Rc8
26. Rxc8+ Nxc8 27. Ke2 Kg8 28. Kd3 Kf8 29. h4 Ke7 30. g4 f6 31. Nd4 Kd6 32.
f4 Ne7 33. h5 e5 34. Nb5+ Kc5 35. Nxa7 exf4 36. b4+ Kd5 37. exf4 Ng8 38. Nc8
b5 39. Na7 Nh6 40. Nxb5 Nxg4 41. Nc3+ Kc6 42. Ke4 {Black resigns} 1-0

[Event "ICC tourney 3299 (40 10)"]
[Site "Internet Chess Club"]
[Date "2023.10.07"]
[Round "5"]
[White "IVANOV, ALEXANDER:marble"]
[Black "Liang, Jason:Jupiter435"]
[Result "0-1"]
[ICCResult "White forfeits on time"]
[WhiteElo "2471"]
[BlackElo "2537"]
[Opening "Sicilian: Taimanov (Bastrikov) variation"]
[ECO "B47"]
[NIC "SI.40"]
[Time "20:00:08"]
[PlyCount "78"]
[TimeControl "2400+10"]

1. e4 c5 2. Nf3 e6 3. d4 cxd4 4. Nxd4 Nc6 5. Nc3 Qc7 6. g3 a6 7. Bg2 Nf6 8.
O-O Nxd4 9. Qxd4 Bc5 10. Bf4 d6 11. Qd3 Nd7 12. Na4 e5 13. Bd2 Bd4 14. c3
Ba7 15. c4 Nc5 16. Nxc5 Bxc5 17. Rac1 Be6 18. Kh1 Rc8 19. f4 f6 20. b3 Qd7
21. Be3 b5 22. f5 Bf7 23. cxb5 axb5 24. Rfd1 Bxe3 25. Rxc8+ Qxc8 26. Qxe3
Qc5 27. Qd2 Kd7 28. Rc1 Qb6 29. Qc2 Ra8 30. g4 Qb7 31. Qd2 Rc8 32. Rd1 Qb6
33. Bf3 h6 34. h4 b4 35. g5 hxg5 36. hxg5 Rc3 37. Bg2 Bh5 38. Rf1 Qd4 39.
Rf2 fxg5 {White forfeits on time} 0-1